 Dungeon Crawl Stone Soup version 0.28.0-55-gcd9437bce4 (webtiles) character file.

Game seed: 11662642886101468700

32 cbfl8 the Poker (level 3, -2/28 HPs)
             Began as a Merfolk Gladiator on Jan 9, 2023.
             Slain by a kobold
             ... wielding a +0 short sword
              (3 damage)
             ... on level 3 of the Dungeon.
             The game lasted 00:01:22 (1632 turns).

cbfl8 the Poker (Merfolk Gladiator)                 Turns: 1632, Time: 00:01:23

Health: -2/28      AC:  4    Str: 16    XL:     3   Next: 27%
Magic:  3/3        EV: 11    Int:  7    God:
Gold:   72         SH:  7    Dex: 15    Spells: 2/2 levels left

rFire   + . .      SeeInvis .   a - +0 trident
rCold   x . .      Faith    .   g - +0 kite shield
rNeg    . . .      Spirit   .   b - +0 leather armour
rPois   .          Reflect  .   c - +0 helmet
rElec   .          Harm     .   (no cloak)
rCorr   .          Rampage  .   (no gloves)
Will    .....                   (no boots)
Stlth   +.........              (no amulet)
HPRegen 0.09/turn               f - ring of fire
MPRegen 0.08/turn               (no ring)

@: no status effects
A: (nimble swimmer 2), mertail
a: no special abilities


You were on level 3 of the Dungeon.
You visited 1 branch of the dungeon, and saw 3 of its levels.

You collected 72 gold pieces.

Inventory:

Hand Weapons
 a - a +0 trident (weapon)
Missiles
 d - 3 throwing nets (quivered)
Armour
 b - a +0 leather armour (worn)
 c - a +0 helmet (worn)
 g - a +0 kite shield (worn)
Jewellery
 f - a ring of fire (left hand)
Scrolls
 h - a scroll of teleportation {unknown}
Potions
 e - a potion of curing {unknown}


   Skills:
 * Level 2.5 Fighting
 * Level 5.3 Polearms
 - Level 2.0 Throwing
 + Level 4.2 Dodging
 + Level 0.9 Stealth
 * Level 0.4 Evocations


You had 2 spell levels left.
You didn't know any spells.
Your spell library contained the following spells:

 Spells                   Type           Power      Damage    Failure   Level
 Animate Skeleton         Necr           0%         N/A       91%         1
 Pain                     Necr           0%         1d4       91%         1
 Vampiric Draining        Necr           0%         2d6       99%         3


Dungeon Overview and Level Annotations

Branches:
Dungeon (3/15)

Altars:

Shops:
D:1 [


Innate Abilities, Weirdness & Mutations

((You are very nimble when in or above water. (Stealth+, EV+, Speed+++)))
Your lower body shifts to a powerful aquatic tail in water.


Message History

You hit the giant cockroach.
You kill the giant cockroach!
You hit the hobgoblin.
The hobgoblin is severely wounded.
You block the kobold's attack. You block the hobgoblin's attack.
You block the kobold's attack.
You closely miss the hobgoblin.
The hobgoblin is severely wounded.
The hobgoblin closely misses you. You block the kobold's attack.
The hobgoblin closely misses you.
You barely miss the hobgoblin.
The hobgoblin is severely wounded.
The kobold hits you with a +0 short sword.
* * * LOW HITPOINT WARNING * * *
The rat bites you but does no damage. The hobgoblin barely misses you.
You hit the hobgoblin but do no damage.
The hobgoblin is severely wounded.
The kobold closely misses you. The rat bites you but does no damage.
The hobgoblin closely misses you.
You hit the hobgoblin but do no damage.
The hobgoblin is severely wounded.
The kobold hits you with a +0 short sword.
* * * LOW HITPOINT WARNING * * *
You block the rat's attack. The hobgoblin hits you.
* * * LOW HITPOINT WARNING * * *
You hit the hobgoblin.
You kill the hobgoblin!
The kobold hits you but does no damage. You block the rat's attack.
The kobold barely misses you. You block the rat's attack.
You hit the kobold.
The kobold is moderately wounded.
The kobold hits you but does no damage. The rat bites you but does no damage.
You miss the kobold.
The kobold is moderately wounded.
You block the kobold's attack. The rat bites you.
* * * LOW HITPOINT WARNING * * *
You closely miss the kobold.
The kobold is moderately wounded.
The kobold hits you with a +0 short sword.
You die...

###### .....
.... ### ...
..>. ###..
#.... .!.
#.....#r##.#
#.....K@...#
#....)#.####
#.... ..#
#... ####
#.# #


You could see a kobold and a rat.

Vanquished Creatures
  A dart slug (D:2)
  4 endoplasms
  A giant cockroach (D:3)
  4 goblins (D:1)
  2 hobgoblins
  3 jackals (D:1)
  A ball python (D:2)
  A bat (D:2)
  4 frilled lizards
  3 kobolds
  5 rats (D:1)
29 creatures vanquished.

Notes
Turn   | Place    | Note
-------+----------+-------------------------------------------
     0 | D:1      | cbfl8 the Merfolk Gladiator began the quest for the Orb.
     0 | D:1      | Reached XP level 1. HP: 16/16 MP: 1/1
   240 | D:1      | Reached XP level 2. HP: 17/23 MP: 2/2
   703 | D:1      | Reached skill level 5 in Polearms
  1131 | D:1      | Found Furraz's Antique Armour Boutique.
  1428 | D:2      | Reached XP level 3. HP: 27/28 MP: 3/3
  1631 | D:3      | HP: 1/28 [rat (3)]
  1632 | D:3      | Slain by a kobold

Illustrated notes

Levels and vault maps discovered:
D:1:      elethiomel_arrival_shortcut, layout_loops_ring, serial_shops,
          nicolae_shop_waterfront, st_stairs_7, hangedman_decor_clover_reticule
D:2:      cheibrodos_greedy_goblins, layout_basic, grunt_decor_one_mirror,
          uniq_natasha, uniq_terence
D:3:      mumra_celtic_spiral_tile, layout_loops_cross

Skill      XL: |  1  2 |
---------------+-------+-----
Polearms       | 5 |  5.3
Fighting       | |  2.5
Throwing       | |  2.0
Dodging        | |  4.2
Stealth        | |  0.9
Evocations     | |  0.4

Action                   || total
-------------------------++-------
Melee: Trident           ||    97
       Punch             ||     2
 Stab: Sleeping          ||     3
Armor: Leather armour    ||    21
Dodge: Dodged            ||    33
Block: Kite shield       ||    19
